 Dungeon Crawl Stone Soup version 0.30-a0-618-gd6c86c23d0 (webtiles) character file.

Game seed: 10394807289747510113

1885 Leeroy the Unseen (level 9, -22/45 HPs)
             Began as a Kobold Enchanter on Jan 9, 2023.
             Was a Priest of Wu Jian.
             Killed by an exploding orc priest (31 damage)
             ... ignited by their inner flame
             ... on level 6 of the Dungeon.
             The game lasted 00:06:08 (4605 turns).

Leeroy the Unseen (Kobold Enchanter)                Turns: 4605, Time: 00:06:08

Health: -22/45     AC:  6    Str:  6    XL:     9   Next: 36%
Magic:  12/12      EV: 15    Int: 16    God:    Wu Jian [***...]
Gold:   230        SH:  0    Dex: 19    Spells: 1/12 levels left

rFire   . . .      SeeInvis .    a - +1 dagger
rCold   . . .      Faith    .    (no shield)
rNeg    . . .      Spirit   .    b - +0 robe
rPois   .          Reflect  .    m - +0 helmet
rElec   .          Harm     .    c - +1 cloak
rCorr   .          Rampage  .    (no gloves)
Will    .....                    n - +0 pair of boots
Stlth   +++++++                  (no amulet)
HPRegen 0.27/turn                (no ring)
MPRegen 0.13/turn                (no ring)

@: no status effects
A: small, no large weapons, nightstalker 3
a: Renounce Religion, Wall Jump, Serpent's Lash


You were on level 6 of the Dungeon.
You worshipped Wu Jian.
Wu Jian was most pleased with you.
You visited 1 branch of the dungeon, and saw 6 of its levels.

You collected 230 gold pieces.

Inventory:

Hand Weapons
 a - a +1 dagger (weapon)
 f - a -1 antimagic mace
 t - a +0 rapier
Armour
 b - a +0 robe (worn)
 c - a +1 cloak (worn)
 i - a +0 buckler
 m - a +0 helmet (worn)
 n - a +0 pair of boots (worn)
 r - a +0 cloak
Jewellery
 k - a ring of ice
Wands
 w - a wand of polymorph (10)
Scrolls
 e - 4 scrolls of immolation
 j - 6 scrolls of identify {unknown}
 o - a scroll of amnesia {unknown}
 p - 4 scrolls of vulnerability {unknown}
 s - a scroll of noise {unknown}
 u - a scroll of fear {unknown}
 v - a scroll of magic mapping {unknown}
Potions
 d - a potion of cancellation {unknown}
 g - a potion of degeneration {unknown}
 h - 3 potions of flight {unknown}
 l - a potion of magic {unknown}
 q - 3 potions of curing {unknown}
 x - 2 potions of lignification {unknown}


   Skills:
 - Level 1.3 Short Blades
 - Level 2.4 Dodging
 + Level 15.3 Stealth
 - Level 2.1 Spellcasting
 * Level 5.2 Hexes
 - Level 0.5 Ice Magic


You had one spell level left.
You knew the following spells:

 Your Spells              Type           Power      Damage    Failure   Level
a - Ensorcelled Hibernat  Hex/Ice        22%        N/A       10%         2
b - Confusing Touch       Hex            18%        N/A       7%          3
c - Tukima's Dance        Hex            18%        N/A       7%          3
d - Dazzling Flash        Conj/Hex       20%        N/A       22%         3

Your spell library contained the following spells:

 Spells                   Type           Power      Damage    Failure   Level
 Ozocubu's Armour         Ice            3%         N/A       43%         3
 Metabolic Englaciation   Hex/Ice        5%         N/A       86%         5
 Simulacrum               Ice/Necr       1%         N/A       100%        6


Dungeon Overview and Level Annotations

Branches:
Dungeon (6/15)
 Temple: D:4-7

Altars:
Dithmenos
Wu Jian

Shops:
D:1 (


Innate Abilities, Weirdness & Mutations

You are small and have problems with some larger weapons.
You are completely attuned to the shadows.


Message History

The white imp gestures at you. The puff of frost hits you!
The orc priest hits you with a +0 mace. The orc barely misses you.
Okay, then.
As you read the scroll labelled KEORPH SAKU, it crumbles to dust.
The creatures around you are filled with an inner flame!
It was a scroll of immolation.
The white imp closely misses you.
The orc priest calls down the wrath of Beogh upon you.
Pain shoots through your body!
The orc priest calls down the wrath of Beogh upon you.
You struggle to resist.
The orc barely misses you. x2
The orc closely misses you.
Okay, then.
Okay, then.
You spin and attack the white imp.
You hit the white imp but do no damage.
You punch the white imp, but do no damage.
The white imp gestures at you. The puff of frost hits you!
You spin and attack the white imp.
You hit the white imp but do no damage.
You spin and attack the orc priest.
You barely miss the orc priest.
The orc priest is lightly wounded.
The white imp completely misses you.
The orc priest hits you but does no damage.
You spin and attack the orc priest.
You barely miss the orc priest.
The orc priest is lightly wounded.
The white imp gestures at you. The puff of frost misses you.
The orc priest invokes the aid of Beogh against you.
Beogh smites you!
* * * LOW HITPOINT WARNING * * *
You open the door. The orc priest misses you.
You spin and attack the orc priest.
You hit the orc priest.
Flame seeps out of the orc priest. x2; You punch the orc priest.
The orc priest is heavily wounded.
The orc priest is engulfed in blazing flames.
The Council accepts your kill.
The orc priest explodes!
The fiery explosion engulfs you!!
Ouch! That really hurt!
You die...

#####.# ......# #####.# ...##.#
##### ...†..#### #...#
.....)...# #...# ##.#####.#
########...#
#......#.########§oo...#...#####
................@○o....'......>#
#....#.#.########o5....#######.#
#....#.#.# #......# #.#
#....#.#.# #......# ##.##
#....#.#.# #......# #....
.....#.# #.... ........ #....
###..#.# #.... .....#.# #....


You could see an orc priest (inner flame), a white imp (inner flame) and 3 orcs.

Vanquished Creatures
  A steam dragon (D:6)
  Edmund (D:4)
  A water moccasin (D:6)
  An orc warrior (D:4)
  2 black bears
  5 ogres
  A phantom (D:6)
  A bullfrog (D:6)
  A necrophage (D:3)
  2 scorpions
  A howler monkey (D:4)
  2 hounds
  4 jellies
  An orc priest (D:6)
  3 iguanas
  An orc wizard (D:6)
  5 gnolls
  6 adders
  A shadow imp (D:6)
  A white imp (D:5)
  A worm (D:3)
  A dart slug (D:1)
  7 orcs
  6 bats
  6 endoplasms
  6 giant cockroaches
  5 goblins
  5 hobgoblins
  6 jackals
  5 quokkas
  4 ball pythons
  4 frilled lizards
  8 kobolds
  6 rats
111 creatures vanquished.

Notes
Turn   | Place    | Note
-------+----------+-------------------------------------------
     0 | D:1      | Leeroy the Kobold Enchanter began the quest for the Orb.
     0 | D:1      | Reached XP level 1. HP: 10/10 MP: 3/3
    87 | D:1      | Found Soadolef's Weapon Boutique.
   272 | D:1      | Reached XP level 2. HP: 13/15 MP: 5/5
   369 | D:1      | Found a faded altar of an unknown god.
   375 | D:1      | Prayed at the altar of an unknown god.
   375 | D:1      | Became a worshipper of the Wu Jian Council
   375 | D:1      | Reached * piety under Wu Jian
   434 | D:1      | Reached skill level 5 in Stealth
   654 | D:1      | Reached XP level 3. HP: 18/19 MP: 6/6
   929 | D:2      | Reached ** piety under Wu Jian
  1059 | D:2      | Reached skill level 6 in Stealth
  1077 | D:2      | Identified the +3 sling "Buph" {drain, rC+ Str+4}
  1516 | D:3      | Reached XP level 4. HP: 19/24 MP: 7/7
  1519 | D:3      | Learned a level 2 spell: Ensorcelled Hibernation
  1523 | D:3      | Learned a level 3 spell: Confusing Touch
  1929 | D:3      | Reached skill level 7 in Stealth
  2095 | D:3      | Noticed a necrophage
  2109 | D:3      | Killed a necrophage
  2110 | D:3      | Reached skill level 8 in Stealth
  2110 | D:3      | Reached XP level 5. HP: 15/28 MP: 1/8
  2376 | D:4      | Reached skill level 9 in Stealth
  2376 | D:4      | Reached XP level 6. HP: 24/32 MP: 2/9
  2401 | D:4      | Reached skill level 10 in Stealth
  2652 | D:4      | Noticed Edmund
  2655 | D:4      | Killed Edmund
  2656 | D:4      | Reached XP level 7. HP: 36/36 MP: 10/10
  2746 | D:4      | Reached *** piety under Wu Jian
  2747 | D:4      | Reached skill level 11 in Stealth
  2944 | D:4      | Reached skill level 12 in Stealth
  2946 | D:4      | Reached XP level 8. HP: 41/41 MP: 11/11
  3255 | D:4      | Found a shadowy altar of Dithmenos.
  3404 | D:5      | Entered Level 5 of the Dungeon
  3734 | D:5      | Reached skill level 13 in Stealth
  3909 | D:6      | Reached skill level 14 in Stealth
  4089 | D:6      | Reached XP level 9. HP: 24/45 MP: 12/12
  4106 | D:6      | Learned a level 3 spell: Tukima's Dance
  4110 | D:6      | Learned a level 3 spell: Dazzling Flash
  4482 | D:6      | Reached skill level 15 in Stealth
  4523 | D:6      | Reached skill level 5 in Hexes
  4605 | D:6      | Killed by an exploding orc priest... ignited by their inner
                  | flame

Illustrated notes

Levels and vault maps discovered:
D:1:      dpeg_arrival_shrine, layout_loops_ring, ebering_ecumenical_altar_rust,
          serial_shops, shop, minmay_misc_feat_square
D:2:      layout_rooms
D:3:      layout_basic
D:4:      layout_loops_corners, mainiacjoe_overflow_alcove_1,
          nicolae_overflow_hidden_temple, hangedman_decor_clover_reticule,
          minmay_stone_trees_small, chequers_serial_rivers_marsh,
          minmay_divided_ellipse, uniq_edmund
D:5:      layout_rooms, nemelex_xobeh_ov_fountains_minmay, elyvilon_altar_3
D:6:      layout_basic, trog_hazing_becter

Skill      XL: |  1  2  3  4  5  6  7  8  9 |
---------------+----------------------------+-----
Stealth        | 5 6 8 9 10 12 14 15 | 15.3
Hexes          | 4 5 |  5.2
Short Blades   | |  1.3
Dodging        | |  2.4
Spellcasting   | |  2.1
Ice Magic      | |  0.5

Action                   |  1- 3 |  4- 6 |  7- 9 || total
-------------------------+-------+-------+-------++-------
Melee: Dagger            |    92 |   108 |   111 ||   311
       Punch             |     1 |     1 |     3 ||     5
 Cast: Confusing Touch   |       |     1 |     2 ||     3
       Ensorcelled Hiber |       |     4 |    21 ||    25
Invok: Lunge             |    11 |     9 |    22 ||    42
       Whirlwind         |     3 |     3 |     8 ||    14
  Use: Potion            |       |     1 |     2 ||     3
       Scroll            |       |       |     1 ||     1
 Stab: Sleeping          |    23 |    13 |    33 ||    69
       Distracted        |       |     2 |       ||     2
       Confused          |       |     1 |     1 ||     2
       Invisible         |       |     4 |       ||     4
Armor: Robe              |     9 |    30 |    29 ||    68
Dodge: Dodged            |    49 |    99 |   117 ||   265

Table legend: (Time is in decaauts)
 A = Elapsed time spent in this place.
 B = Non-inter-level travel time spent in this place.
 C = Inter-level travel time spent in this place.
 D = Time resting spent in this place.
 E = Time spent auto-exploring this place.
 F = Levels seen in this place.
 G = Mean time per level.
                   A        B        C        D        E       F      G
               +--------+--------+--------+--------+--------+-----+--------+
         Total |   4572 |   4491 |     81 |      0 |   3692 |   6 |  762.0 |
       Dungeon |   4572 |   4491 |     81 |      0 |   3692 |   6 |  762.0 |
               +--------+--------+--------+--------+--------+-----+--------+

Top non-repeatable levels by time:
     D:4: 1297 daAuts
     D:3: 788 daAuts
     D:1: 788 daAuts
     D:6: 679 daAuts
     D:2: 529 daAuts
     D:5: 488 daAuts
